 Dungeon Crawl Stone Soup version 0.29.1-13-g9f3cf754e1 (webtiles) character file.

Game seed: 11578187151353325106

4 concernfroge the Scratcher (level 1, -1/13 HPs)
             Began as a Felid Transmuter on Jan 29, 2023.
             Slain by a jackal (3 damage)
             ... on level 1 of the Dungeon.
             The game lasted 00:02:45 (413 turns).

concernfroge the Scratcher (Felid Transmuter)        Turns: 413, Time: 00:02:46

Health: -1/13      AC: 20    Str:  6    XL:     1   Next: 58%
Magic:  4/4        EV:  4    Int: 14    God:
Gold:   47         SH:  0    Dex: 16    Spells: 3/4 levels left
                                        Lives:  0   Deaths: 0

rFire   . . .      SeeInvis +     - Unarmed
rCold   . . .      Faith    .   (shield unavailable)
rNeg    . . .      Spirit   .   (body armour unavailable)
rPois   +          Reflect  .   (helmet unavailable)
rElec   .          Harm     .   (cloak unavailable)
rCorr   .          Rampage  .   (gloves unavailable)
Will    .....      NoTele   +   (boots unavailable)
Stlth   ++........              (no amulet)
HPRegen 0.04/turn               (no ring)
MPRegen 0.09/turn               (no ring)

@: tree-form
A: stationary, stasis, torment immunity, boosted hp, very small, (claws 1),
(fangs 3), see invisible, (speed 1), (shaggy fur 1), (stealthy paws), no weapons
or thrown items, no armour, multi-lived
a: no special abilities


You were on level 1 of the Dungeon.
You were a tree.
You visited 1 branch of the dungeon, and saw 1 of its levels.

You collected 47 gold pieces.

Inventory:

Scrolls
 b - a scroll of noise {unknown}
 c - a scroll of teleportation {unknown}
 d - a scroll of identify {unknown}
 e - a scroll of magic mapping {unknown}


   Skills:
 - Level 1.0 Fighting
 + Level 2.8 Dodging
 + Level 0.7 Stealth
 + Level 3.0 Unarmed Combat
 - Level 2.0 Spellcasting
 + Level 2.3 Transmutations


You had 3 spell levels left.
You knew the following spells:

 Your Spells              Type           Power      Damage    Failure   Level
a - Beastly Appendage     Tmut           14%        N/A       10%         1

Your spell library contained the following spells:

 Spells                   Type           Power      Damage    Failure   Level
 Wereblood                Tmut           7%         N/A       14%         2
 Spider Form              Tmut/Pois      4%         N/A       41%         3
 Ice Form                 Ice/Tmut       4%         N/A       83%         4
 Hailstorm                Conj/Ice       1%         3d3       93%         4
 Simulacrum               Ice/Necr       0%         N/A       100%        6


Dungeon Overview and Level Annotations

Branches:
Dungeon (1/15)

Altars:


Innate Abilities, Weirdness & Mutations

You are a tree.
Your roots penetrate the ground, keeping you stationary.
You cannot be teleported.
You are immune to unholy pain and torment.
Your maximum health is greatly increased.
((You have sharp claws.))
((You have razor-sharp teeth.))
You have supernaturally acute eyesight. (SInv)
((You cover ground quickly. (Speed+)))
((You are covered in fur. (AC +1)))
((Your paws help you pounce on unaware monsters.))
You are incapable of wielding weapons or throwing items.
You cannot wear armour.
You gain extra lives every three experience levels.


Message History

Confirm with . or Enter, or press ? or * to list all spells.
You grow a pair of large bovine horns.
The kobold closely misses you.
You scratch the kobold but do no damage.
Your headbutt misses the kobold. The kobold hits you with a +0 dagger.
You miss the kobold. You headbutt the kobold.
You kill the kobold!
Your transformation is almost over.
Your horns disappear.
Things that are here:
a +0 dagger; a kobold corpse A kobold comes into view.
It is wielding a +0 dagger.
A jackal comes into view.
Found a sapphire potion.
Found a scroll labelled INWIS YFIFI.
The jackal closely misses you.
The kobold shouts!
You closely miss the kobold. Your bite misses the kobold.
You hear a shout! x2; You hear an angry hiss.
The jackal bites you. The kobold barely misses you.
An endoplasm comes into view.
The jackal bites you.
A goblin comes into view. It is wielding a +0 club.
The kobold throws a stone.
The stone misses you.
Really quaff the potion of lignification?
You turn into a tree.
Your roots penetrate the ground.
The jackal bites you but does no damage.
You closely miss the jackal.
The jackal bites you but does no damage.
The kobold hits you but does no damage.
The jackal bites you but does no damage.
You barely miss the jackal. The kobold hits you but does no damage.
The goblin hits you but does no damage.
A kobold comes into view. It is wielding a +0 short sword.
The jackal bites you.
* * * LOW HITPOINT WARNING * * *
You hit the jackal but do no damage.
The jackal bites you but does no damage.
The kobold hits you but does no damage. The goblin hits you but does no damage.
You barely miss the jackal. The jackal bites you.
You die...

....#.#####.
.............
###.#######.. # #
########### # .## ..
............#. # #..#..#
######## #...#!#?#....#
#### ##.#..#K#..#..# #.§#
..##JKhg.##..# #''###
...###♣###...# .....#
#.............# §≈≈§.#
##.#..........# ≈≈≈≈.#
#.#..........# .....#
#.########.#.#
#''########.#....# #.#.#
#..##.......#....###+#.##
#''##.######............#
........................#


You could see an endoplasm, a jackal, a goblin and 2 kobolds.

Vanquished Creatures
  3 hobgoblins (D:1)
  A kobold (D:1)
4 creatures vanquished.

Notes
Turn   | Place    | Note
-------+----------+-------------------------------------------
     0 | D:1      | concernfroge the Felid Transmuter began the quest for the
                  | Orb.
     0 | D:1      | Reached XP level 1. HP: 9/9 MP: 4/4
   413 | D:1      | Slain by a jackal

Illustrated notes

Levels and vault maps discovered:
D:1:      lightli_arrival_lavapool, layout_basic, basic_ecumenical_altar,
          minmay_box_of_dots

Action                   || total
-------------------------++-------
Melee: Unarmed           ||    18
       Headbutt          ||     2
 Cast: Beastly Appendage ||     2
  Use: Potion            ||     1
 Stab: Sleeping          ||     1
Armor: Skin              ||     9
Dodge: Dodged            ||    11
